 Dungeon Crawl Stone Soup version 0.22-a0-877-g5c4e1af (webtiles) character file.

156 prawnwizard the Slasher (level 5, -3/41 HPs)
             Began as a Demonspawn Gladiator on July 29, 2018.
             Killed by divine providence
             ... invoked by an orc priest
              (10 damage)
             ... on level 3 of the Dungeon.
             The game lasted 00:02:00 (1800 turns).

prawnwizard the Slasher (Demonspawn Gladiator)      Turns: 1800, Time: 00:02:00

Health: -3/41      AC: 10    Str: 16    XL:     5   Next: 14%
Magic:  5/5        EV: 11    Int:  9    God:
Gold:   137        SH:  0    Dex: 14    Spells: 4/4 levels left

rFire    . . .     SeeInvis .   a - +0 long sword
rCold    . . .     Gourm    .   (no shield)
rNeg     . . .     Faith    .   p - +0 scale mail (curse)
rPois    .         Spirit   .   c - +0 helmet
rElec    .         Reflect  .   (no cloak)
rCorr    +         Harm     .   (no gloves)
MR       .....                  (no boots)
Stlth    ..........             (no amulet)
HPRegen  0.13/turn              i - ring of resist corrosion
MPRegen  0.09/turn              q - ring of attention (curse)

@: no status effects
A: icy blue scales 2, demonic guardian 1
a: no special abilities


You were on level 3 of the Dungeon.
You were not hungry.

You visited 1 branch of the dungeon, and saw 3 of its levels.

You collected 137 gold pieces.

Inventory:

Hand Weapons
 a - a +0 long sword (weapon)
Missiles
 d - 3 throwing nets (quivered)
Armour
 b - a +0 leather armour
 c - a +0 helmet (worn)
 p - a cursed +0 scale mail (worn)
Jewellery
 i - a ring of resist corrosion (left hand)
 k - an uncursed ring of wizardry
 q - a cursed ring of attention (right hand)
Wands
 u - a wand of flame (22)
Scrolls
 g - a scroll of random uselessness {unknown}
 h - 2 scrolls of identify {unknown}
 m - a scroll of magic mapping {unknown}
 n - 3 scrolls of teleportation {unknown}
 s - a scroll of enchant weapon {unknown}
Potions
 e - 2 potions of heal wounds {unknown}
 j - a potion of curing {unknown}
 o - a potion of agility {unknown}
 r - a potion of invisibility {unknown}
 t - a potion of degeneration {unknown}
Comestibles
 f - 5 rations


   Skills:
 + Level 3.1 Fighting
 * Level 4.2 Long Blades
 - Level 1.7 Throwing
 + Level 3.5 Dodging


You had 4 spell levels left.
You didn't know any spells.
Your spell library was empty.

Dungeon Overview and Level Annotations

Branches:
Dungeon (3/15)

Altars:


Innate Abilities, Weirdness & Mutations

You are mostly covered in icy blue scales. (AC +3)
A weak demonic guardian rushes to your aid.


Message History

You are too injured to fight recklessly!
You are too injured to fight recklessly!
Unknown command.
You are too injured to fight recklessly!
Unknown command.
You swap places.
The adder closely misses your ufetubus.
The orc priest hits your ufetubus with a flail.
Your ufetubus closely misses the orc.
Your ufetubus hits the orc.
The orc hits your ufetubus with a hand axe.
The orc priest calls down the wrath of Beogh upon you.
Beogh smites you!
* * * LOW HITPOINT WARNING * * *
You see here 12 stones.
Your ufetubus hits the orc.
Your ufetubus barely misses the orc.
The adder barely misses your ufetubus.
The orc priest hits your ufetubus with a flail.
Your ufetubus dies!
The orc priest mumbles some strange prayers to Beogh against you.
Beogh smites you!
You die...

...... ..#####.####
... .......
...........+....
....#...
#.#####.####....
###.#.#.#
#.........#.## ..
+#<.... #.............
.. .....##
#............. .......
#.............
......S######.)....#..
......ooo..@.......+ .
...)..o######......#
....... #......#
'###... #......# .....
#......# #.....
######## #..... #.....


You could see 2 orc priests, an adder and 2 orcs.

Vanquished Creatures
  3 adders
  2 dart slugs (D:1)
  3 leopard geckos (D:1)
  3 orcs (D:3)
  2 giant cockroaches
  3 goblins
  5 hobgoblins
  10 jackals
  3 bats
  2 frilled lizards (D:2)
  8 kobolds
  5 rats
49 creatures vanquished.

Vanquished Creatures (collateral kills)
  An ogre (D:3)
1 creature vanquished.

Grand Total: 50 creatures vanquished

Notes
Turn   | Place    | Note
-------+----------+-------------------------------------------
     0 | D:1      | prawnwizard the Demonspawn Gladiator began the quest for the Orb.
     0 | D:1      | Reached XP level 1. HP: 16/16 MP: 1/1
    85 | D:1      | Reached skill level 3 in Long Blades
    85 | D:1      | Gained mutation: You are partially covered in icy blue scales. (AC +2) [demonic ancestry]
    85 | D:1      | Reached XP level 2. HP: 22/22 MP: 2/2
   403 | D:1      | Gained mutation: You are mostly covered in icy blue scales. (AC +3) [demonic ancestry]
   403 | D:1      | Reached XP level 3. HP: 28/28 MP: 3/3
  1097 | D:2      | Gained mutation: A weak demonic guardian rushes to your aid. [demonic ancestry]
  1097 | D:2      | Reached XP level 4. HP: 34/34 MP: 4/4
  1486 | D:3      | Noticed an ogre
  1501 | D:3      | Killed an ogre
  1501 | D:3      | Reached skill level 4 in Long Blades
  1501 | D:3      | Reached XP level 5. HP: 10/41 MP: 5/5
  1800 | D:3      | Killed from afar by an orc priest

Vault maps used:
D:1:      dpeg_arrival_oval, kennysheep_boxes
D:3:      first_ration

Skill      XL: |  1  2  3  4 |
---------------+-------------+-----
Long Blades    | 3 4 |  4.2
Dodging        | 3 |  3.5
Fighting       | 3 |  3.1
Throwing       | |  1.7

Action                   |  1- 3 |  4- 6 || total
-------------------------+-------+-------++-------
Melee: Long sword        |    92 |    36 ||   128
  Eat: Chunk             |     1 |     2 ||     3
Armor: Leather armour    |    25 |       ||    25
       Scale mail        |     8 |    19 ||    27
Dodge: Dodged            |    60 |    25 ||    85
       Rpst.: Long sword |    15 |    10 ||    25

Table legend:
 A = Spawn XP
 B = Non-spawn XP
 C = Spawn XP percentage of total XP
 D = Spawn monster count
 E = Non-spawn monster count
 F = Spawn count percentage of total count
 G = Total turns spent on level
                    A         B        C        D         E        F      G
               +---------+---------+-------+---------+---------+-------+---------
         Total |       0 |     223 |   0.0 |       0 |      50 |   0.0 |  1800
               +---------+---------+-------+---------+---------+-------+---------
           D:1 |       0 |      48 |   0.0 |       0 |      23 |   0.0 |   788
           D:2 |       0 |      52 |   0.0 |       0 |      18 |   0.0 |   625
           D:3 |       0 |     123 |   0.0 |       0 |       9 |   0.0 |   387
               +---------+---------+-------+---------+---------+-------+---------
